| TOP OF THE 1ST |
|
Chicago White Sox batting - Pitching for Minnesota Twins : RHP T.J. Hirst
|
|
Pitching: RHP T.J. Hirst
|
|
|
Batting: LHB Antonio Figueroa
|
0-0: Ball 1-0: Called Strike 1-1: Ball 2-1: Fly out, F8 (Flyball, 8RD, EV 99.4 MPH)
|
|
Batting: SHB Cesar Herrera
|
0-0: Ball 1-0: Called Strike 1-1: Ball 2-1: SOLO HOME RUN (Flyball, 78XD, EV 104.4 MPH), Distance : 413 ft
|
|
Batting: LHB Randy Rosenberry
|
0-0: Called Strike 0-1: Foul Ball, location: 2F 0-2: Ball 1-2: Ball 2-2: SINGLE (Line Drive, 7S, EV 98.8 MPH)
|
|
Batting: RHB Joseph Disepolo
|
0-0: Called Strike 0-1: Ball 1-1: Ball 2-1: Ground out 3-1 (Groundball, 34S, EV 84.4 MPH) Randy Rosenberry to second
|
|
Batting: LHB Jack Christie
|
0-0: Foul Ball, location: 2F 0-1: Foul Ball, location: 2F 0-2: Ball 1-2: Ground out 6-3 (Groundball, 4M, EV 81.9 MPH)
|
| Top of the 1st over - 1 run, 2 hits, 0 errors, 1 left on base; Chicago 1 - Minnesota 0 |
| BOTTOM OF THE 1ST |
|
Minnesota Twins batting - Pitching for Chicago White Sox : LHP Felix Bernal
|
|
Pitching: LHP Felix Bernal
|
|
|
Batting: RHB Yonetoshi Muranaka
|
0-0: Ball 1-0: Foul Ball, location: 2F 1-1: Called Strike 1-2: SINGLE (Groundball, 6MS, EV 64.4 MPH) (infield hit)
|
|
Batting: RHB Jared McClernon
|
0-0: Called Strike 0-1: Ball 1-1: Ball 2-1: Ball 3-1: Swinging Strike 3-2: Strikes out swinging
|
|
Batting: LHB Kevin Bellman
|
0-0: Ball 1-0: Ball 2-0: DOUBLE (Line Drive, 9LM, EV 95.0 MPH) Yonetoshi Muranaka to third Runner from 3rd tries for Home, SAFE, throw by RF to trailing runner, SAFE at third!
|
|
Batting: LHB Joel Kunkler
|
0-0: Called Strike 0-1: Foul Ball, location: 2F 0-2: Foul Ball, location: 2F 0-2: SINGLE (Groundball, 3D, EV 102.5 MPH) Kevin Bellman scores
|
|
Batting: RHB Jesus Chavez
|
0-0: Ball 1-0: Ball Wild Pitch! Joel Kunkler to second 2-0: Called Strike 2-1: Called Strike 2-2: Strikes out swinging
|
|
Batting: LHB Sadamu Noguchi
|
0-0: Called Strike 0-1: Ball 1-1: Foul Ball, location: 2F 1-2: Ball 2-2: SINGLE (Groundball, 56D, EV 98.1 MPH) Joel Kunkler to third Runner from 3rd tries for Home, SAFE, throw by LF to home
|
|
Batting: RHB José Molina
|
0-0: Ball 1-0: SINGLE (Groundball, 56D, EV 99.4 MPH) Sadamu Noguchi to second
|
|
Batting: RHB Vinny Luna
|
0-0: Swinging Strike 0-1: Called Strike 0-2: Strikes out swinging
|
| Bottom of the 1st over - 3 runs, 5 hits, 0 errors, 2 left on base; Chicago 1 - Minnesota 3 |
| TOP OF THE 2ND |
|
Chicago White Sox batting - Pitching for Minnesota Twins : RHP T.J. Hirst
|
|
Pitching: RHP Steffen Joseph
|
|
|
Batting: RHB Hiroshige Yamada
|
0-0: Foul Ball, location: 2F 0-1: Ground out 4-3 (Groundball, 4MD, EV 102.5 MPH)
|
|
Batting: LHB Brian Feher
|
0-0: Ball 1-0: Called Strike 1-1: Foul Ball, location: 2F 1-2: SINGLE (Groundball, 6S, EV 62.5 MPH) (infield hit)
|
|
Batting: RHB Rocky Campbell
|
0-0: Foul Ball, location: 2F 0-1: Foul Ball, location: 2F 0-2: Foul Ball, location: 2F 0-2: Ball 1-2: Strikes out swinging
|
|
Batting: LHB Juan Concepcion
|
0-0: Called Strike 0-1: Called Strike 0-2: Ball Brian Feher is caught stealing 2nd base 2-6
|
| Top of the 2nd over - 0 runs, 1 hit, 0 errors, 0 left on base; Chicago 1 - Minnesota 3 |
| BOTTOM OF THE 2ND |
|
Minnesota Twins batting - Pitching for Chicago White Sox : LHP Felix Bernal
|
|
Batting: RHB Josh Zoglmann
|
0-0: Foul Ball, location: 2F 0-1: Foul Ball, location: 2F 0-2: Ball 1-2: Foul Ball, location: 2F 1-2: Fly out, F4 (Popup, 4, EV 60.6 MPH)
|
|
Batting: RHB Yonetoshi Muranaka
|
0-0: Called Strike 0-1: SINGLE (Line Drive, 78S, EV 107.5 MPH)
|
|
Batting: RHB Jared McClernon
|
0-0: Ball 1-0: Ball 2-0: Called Strike 2-1: Foul Ball, location: 2F 2-2: Ball 3-2: Foul Ball, location: 2F 3-2: Grounds into double play, 5-4-3 (Groundball, 56S, EV 81.9 MPH)
|
| Bottom of the 2nd over - 0 runs, 1 hit, 0 errors, 0 left on base; Chicago 1 - Minnesota 3 |
| TOP OF THE 3RD |
|
Chicago White Sox batting - Pitching for Minnesota Twins : RHP Steffen Joseph
|
|
Batting: LHB Juan Concepcion
|
0-0: Ball 1-0: Swinging Strike 1-1: Ground out 4-3 (Groundball, 4, EV 84.4 MPH)
|
|
Batting: LHB Antonio Figueroa
|
0-0: Ball 1-0: Called Strike 1-1: Foul Ball, location: 2F 1-2: Foul Ball, location: 2F 1-2: Foul Ball, location: 2F 1-2: Foul Ball, location: 2F 1-2: Strikes out looking
|
|
Batting: SHB Cesar Herrera
|
0-0: Swinging Strike 0-1: Called Strike 0-2: Ball 1-2: DOUBLE (Line Drive, 89XD, EV 107.5 MPH)
|
|
Batting: LHB Randy Rosenberry
|
0-0: Ball 1-0: Foul Ball, location: 2F 1-1: Called Strike 1-2: Fly out, F8 (Flyball, 8LD, EV 89.4 MPH)
|
| Top of the 3rd over - 0 runs, 1 hit, 0 errors, 1 left on base; Chicago 1 - Minnesota 3 |
| BOTTOM OF THE 3RD |
|
Minnesota Twins batting - Pitching for Chicago White Sox : LHP Felix Bernal
|
|
Batting: LHB Kevin Bellman
|
0-0: Called Strike 0-1: Called Strike 0-2: Ball 1-2: Strikes out swinging
|
|
Batting: LHB Joel Kunkler
|
0-0: Called Strike 0-1: Fly out, F8 (Flyball, 8RS, EV 87.5 MPH)
|
|
Batting: RHB Jesus Chavez
|
0-0: Called Strike 0-1: Ball 1-1: Swinging Strike 1-2: Strikes out swinging
|
| Bottom of the 3rd over - 0 runs, 0 hits, 0 errors, 0 left on base; Chicago 1 - Minnesota 3 |
| TOP OF THE 4TH |
|
Chicago White Sox batting - Pitching for Minnesota Twins : RHP Steffen Joseph
|
|
Batting: RHB Joseph Disepolo
|
0-0: Called Strike 0-1: Ball 1-1: Ground out U3 (Groundball, 13, EV 86.2 MPH)
|
|
Batting: LHB Jack Christie
|
0-0: Ball 1-0: Called Strike 1-1: Ball 2-1: Foul Ball, location: 2F 2-2: Ball 3-2: Foul Ball, location: 2F 3-2: Foul Ball, location: 2F 3-2: Ground out U3 (Groundball, 3, EV 103.1 MPH)
|
|
Batting: RHB Hiroshige Yamada
|
0-0: DOUBLE (Line Drive, 9LS, EV 106.9 MPH)
|
|
Batting: LHB Brian Feher
|
0-0: Called Strike 0-1: Called Strike 0-2: Foul Ball, location: 2F 0-2: Ball 1-2: Ball 2-2: SINGLE (Groundball, 6MD, EV 93.8 MPH) Hiroshige Yamada to third Runner from 3rd tries for Home, SAFE, throw by CF to home Brian Feher to second
|
|
Batting: RHB Rocky Campbell
|
0-0: Ground out 6-3 (Groundball, 6, EV 98.8 MPH)
|
| Top of the 4th over - 1 run, 2 hits, 0 errors, 1 left on base; Chicago 2 - Minnesota 3 |
| BOTTOM OF THE 4TH |
|
Minnesota Twins batting - Pitching for Chicago White Sox : LHP Felix Bernal
|
|
Batting: LHB Sadamu Noguchi
|
0-0: Ball 1-0: Foul Ball, location: 2F 1-1: Foul Ball, location: 2F 1-2: Ball 2-2: Fly out, F6 (Popup, 15, EV 78.8 MPH)
|
|
Batting: RHB José Molina
|
0-0: Ball 1-0: Called Strike 1-1: Swinging Strike 1-2: Ground out 1-3 (Groundball, 13S, EV 68.1 MPH)
|
|
Batting: RHB Vinny Luna
|
0-0: SINGLE (Groundball, 3D, EV 94.4 MPH)
|
|
Batting: RHB Josh Zoglmann
|
0-0: Called Strike 0-1: Ball 1-1: Ball 2-1: Foul Ball, location: 2F 2-2: Foul Ball, location: 2F 2-2: Ball 3-2: Strikes out looking
|
| Bottom of the 4th over - 0 runs, 1 hit, 0 errors, 1 left on base; Chicago 2 - Minnesota 3 |
| TOP OF THE 5TH |
|
Chicago White Sox batting - Pitching for Minnesota Twins : RHP Steffen Joseph
|
|
Batting: LHB Juan Concepcion
|
0-0: Called Strike 0-1: Ball 1-1: Ball 2-1: Foul Ball, location: 2F 2-2: Ball 3-2: Foul Ball, location: 2F 3-2: Ground out 4-3 (Groundball, 4, EV 88.8 MPH)
|
|
Batting: LHB Antonio Figueroa
|
0-0: Ball 1-0: Ball 2-0: Called Strike 2-1: Ground out 5-3 (Groundball, 56, EV 88.1 MPH)
|
|
Batting: SHB Cesar Herrera
|
0-0: Called Strike 0-1: Ball 1-1: Ball 2-1: Called Strike 2-2: Ball 3-2: TRIPLE (Flyball, 89D, EV 96.2 MPH)
|
|
Batting: LHB Randy Rosenberry
|
0-0: Ball 1-0: Ball 2-0: Foul Ball, location: 2F 2-1: 2-RUN HOME RUN (Flyball, 7D, EV 95.0 MPH), Distance : 369 ft
|
|
Batting: RHB Joseph Disepolo
|
0-0: Ball 1-0: Foul Ball, location: 2F 1-1: Ball 2-1: Ball 3-1: Base on Balls
|
|
Batting: LHB Jack Christie
|
0-0: Ball 1-0: Ball Joseph Disepolo steals 2nd base 2-0: Fly out, F6 (Popup, 4MD, EV 47.5 MPH)
|
| Top of the 5th over - 2 runs, 2 hits, 0 errors, 1 left on base; Chicago 4 - Minnesota 3 |
| BOTTOM OF THE 5TH |
|
Minnesota Twins batting - Pitching for Chicago White Sox : LHP Felix Bernal
|
|
Batting: RHB Yonetoshi Muranaka
|
0-0: Ball 1-0: Ground out U3 (Groundball, 3S, EV 81.2 MPH)
|
|
Batting: RHB Jared McClernon
|
0-0: Ball 1-0: Foul Ball, location: 2F 1-1: Foul Ball, location: 2F 1-2: Foul Ball, location: 2F 1-2: SOLO HOME RUN (Line Drive, 9D, EV 105.6 MPH), Distance : 421 ft
|
|
Batting: LHB Kevin Bellman
|
0-0: Ball 1-0: Ball 2-0: Swinging Strike 2-1: Foul Ball, location: 2F 2-2: Strikes out swinging
|
|
Batting: LHB Joel Kunkler
|
0-0: Called Strike 0-1: Called Strike 0-2: Ball 1-2: Strikes out swinging
|
| Bottom of the 5th over - 1 run, 1 hit, 0 errors, 0 left on base; Chicago 4 - Minnesota 4 |
| TOP OF THE 6TH |
|
Chicago White Sox batting - Pitching for Minnesota Twins : RHP Steffen Joseph
|
|
Batting: RHB Hiroshige Yamada
|
0-0: Called Strike 0-1: Ball 1-1: Foul Ball, location: 2F 1-2: Ground out 6-3 (Groundball, 6, EV 83.1 MPH)
|
|
Batting: LHB Brian Feher
|
0-0: Called Strike 0-1: Ball 1-1: Ball 2-1: Ball 3-1: Called Strike 3-2: Foul Ball, location: 2F 3-2: Foul Ball, location: 2F 3-2: Foul Ball, location: 2F 3-2: Base on Balls
|
|
Batting: RHB Rocky Campbell
|
0-0: Called Strike 0-1: Hit by Pitch Brian Feher to second
|
|
Batting: LHB Juan Concepcion
|
0-0: Swinging Strike 0-1: Called Strike 0-2: Strikes out swinging
|
|
Batting: LHB Antonio Figueroa
|
0-0: Called Strike 0-1: Called Strike 0-2: Fly out, F8 (Line Drive, 8RD, EV 90.6 MPH)
|
| Top of the 6th over - 0 runs, 0 hits, 0 errors, 2 left on base; Chicago 4 - Minnesota 4 |
| BOTTOM OF THE 6TH |
|
Minnesota Twins batting - Pitching for Chicago White Sox : LHP Felix Bernal
|
|
Batting: RHB Jesus Chavez
|
0-0: Swinging Strike 0-1: Ball 1-1: Ball 2-1: Foul Ball, location: 2F 2-2: Fly out, F8 (Line Drive, 8LD, EV 103.1 MPH)
|
|
Batting: LHB Sadamu Noguchi
|
0-0: Foul Ball, location: 2F 0-1: Ball 1-1: Foul Ball, location: 2F 1-2: Ball 2-2: Ball 3-2: Foul Ball, location: 2F 3-2: Foul Ball, location: 2F 3-2: Fly out, F6 (Flyball, 6D, EV 94.4 MPH)
|
|
Pitching: RHP Gerbrand van de Bilt
|
|
|
Batting: RHB José Molina
|
0-0: Foul Ball, location: 2F 0-1: Ball 1-1: Ball 2-1: Swinging Strike 2-2: Ball 3-2: Foul Ball, location: 2F 3-2: Strikes out swinging
|
| Bottom of the 6th over - 0 runs, 0 hits, 0 errors, 0 left on base; Chicago 4 - Minnesota 4 |
| TOP OF THE 7TH |
|
Chicago White Sox batting - Pitching for Minnesota Twins : RHP Steffen Joseph
|
|
Pitching: RHP Oscar Zuniga
|
|
|
Batting: SHB Cesar Herrera
|
0-0: Called Strike 0-1: Ball 1-1: Ball 2-1: Called Strike 2-2: Foul Ball, location: 2F 2-2: Ball 3-2: Base on Balls
|
|
Batting: LHB Randy Rosenberry
|
0-0: Swinging Strike 0-1: Called Strike Cesar Herrera steals 2nd base (no throw) 0-2: Ball 1-2: Foul Ball, location: 2F 1-2: Foul Ball, location: 2F 1-2: Ball 2-2: Fly out, F8 (Line Drive, 8LD, EV 108.1 MPH)
|
|
Batting: RHB Joseph Disepolo
|
0-0: Ball Cesar Herrera steals 3rd base 1-0: Ball 2-0: Foul Ball, location: 2F 2-1: Ball 3-1: Base on Balls
|
|
Batting: LHB Jack Christie
|
0-0: Ball Joseph Disepolo is caught stealing 2nd base 2-6 1-0: Swinging Strike 1-1: Foul Ball, location: 2F 1-2: Ball 2-2: Fly out, F8 (Flyball, 8LM, EV 92.5 MPH)
|
| Top of the 7th over - 0 runs, 0 hits, 0 errors, 1 left on base; Chicago 4 - Minnesota 4 |
| BOTTOM OF THE 7TH |
|
Minnesota Twins batting - Pitching for Chicago White Sox : RHP Gerbrand van de Bilt
|
|
Pinch Hitting: SHB Buster Hyman
|
0-0: Foul Ball, location: 2F 0-1: Foul Ball, location: 2F 0-2: Foul Ball, location: 2F 0-2: Foul Ball, location: 2F 0-2: Foul Ball, location: 2F 0-2: Strikes out swinging
|
|
Batting: RHB Josh Zoglmann
|
0-0: Ball 1-0: Foul Ball, location: 2F 1-1: DOUBLE (Flyball, 8RD, EV 98.8 MPH)
|
|
Batting: RHB Yonetoshi Muranaka
|
0-0: Swinging Strike 0-1: Swinging Strike 0-2: Foul Ball, location: 2F 0-2: Ball 1-2: Ball 2-2: Strikes out swinging
|
|
Batting: RHB Jared McClernon
|
0-0: Ball 1-0: Ground out 6-3 (Groundball, 6S, EV 81.9 MPH)
|
| Bottom of the 7th over - 0 runs, 1 hit, 0 errors, 1 left on base; Chicago 4 - Minnesota 4 |
| TOP OF THE 8TH |
|
Chicago White Sox batting - Pitching for Minnesota Twins : RHP Oscar Zuniga
|
|
Pitching: RHP Luis Sanchez
|
|
|
Now in LF: Gerardo Flores
|
|
|
Batting: RHB Hiroshige Yamada
|
0-0: Fly out, F7 (Flyball, 78S, EV 78.8 MPH)
|
|
Batting: LHB Brian Feher
|
0-0: Ball 1-0: Called Strike 1-1: Ball 2-1: Called Strike 2-2: Strikes out looking
|
|
Batting: RHB Rocky Campbell
|
0-0: Foul Ball, location: 2F 0-1: Ground out 5-3 (Groundball, 56, EV 77.5 MPH)
|
| Top of the 8th over - 0 runs, 0 hits, 0 errors, 0 left on base; Chicago 4 - Minnesota 4 |
| BOTTOM OF THE 8TH |
|
Minnesota Twins batting - Pitching for Chicago White Sox : RHP Gerbrand van de Bilt
|
|
Batting: LHB Kevin Bellman
|
0-0: Swinging Strike 0-1: Ball 1-1: Swinging Strike 1-2: Strikes out swinging
|
|
Batting: LHB Joel Kunkler
|
0-0: Ball 1-0: Called Strike 1-1: SOLO HOME RUN (Flyball, 9LD, EV 98.8 MPH), Distance : 368 ft
|
|
Batting: RHB Jesus Chavez
|
0-0: Ball 1-0: Ball 2-0: Ball 3-0: Reached on error, E3 (Groundball, 34, EV 81.9 MPH)
|
|
Batting: LHB Sadamu Noguchi
|
0-0: Called Strike 0-1: Ball 1-1: Swinging Strike 1-2: Ball 2-2: Strikes out looking
|
|
Batting: RHB José Molina
|
0-0: Foul Ball, location: 2F 0-1: Swinging Strike 0-2: Ball 1-2: Foul Ball, location: 2F 1-2: Ball 2-2: Strikes out swinging
|
| Bottom of the 8th over - 1 run, 1 hit, 1 error, 1 left on base; Chicago 4 - Minnesota 5 |
| TOP OF THE 9TH |
|
Chicago White Sox batting - Pitching for Minnesota Twins : RHP Luis Sanchez
|
|
Pitching: RHP Mario Arce
|
|
|
Now at SS: Brett Steele
|
|
|
Batting: LHB Juan Concepcion
|
0-0: Called Strike 0-1: Foul Ball, location: 2F 0-2: Ground out 4-3 (Groundball, 4, EV 102.5 MPH)
|
|
Batting: LHB Antonio Figueroa
|
0-0: Foul Ball, location: 2F 0-1: SOLO HOME RUN (Flyball, 9D, EV 105.0 MPH), Distance : 407 ft
|
|
Batting: SHB Cesar Herrera
|
0-0: Ground out 6-3 (Groundball, 6MS, EV 70.0 MPH)
|
|
Batting: LHB Randy Rosenberry
|
0-0: Ball 1-0: Ball 2-0: Fly out, F7 (Flyball, 7, EV 86.9 MPH)
|
| Top of the 9th over - 1 run, 1 hit, 0 errors, 0 left on base; Chicago 5 - Minnesota 5 |
| BOTTOM OF THE 9TH |
|
Minnesota Twins batting - Pitching for Chicago White Sox : RHP Gerbrand van de Bilt
|
|
Pitching: LHP Ryan Daidone
|
|
|
Pinch Hitting: RHB Väinö Tapaninen
|
0-0: Swinging Strike 0-1: Ball 1-1: Called Strike 1-2: Fly out, F8 (Flyball, 8RM, EV 93.1 MPH)
|
|
Batting: RHB Josh Zoglmann
|
0-0: Foul Ball, location: 2F 0-1: Ground out 6-3 (Groundball, 6, EV 90.0 MPH)
|
|
Batting: RHB Brett Steele
|
0-0: Ball 1-0: Foul Ball, location: 2F 1-1: Foul Ball, location: 2F 1-2: Foul Ball, location: 2F 1-2: Strikes out swinging
|
| Bottom of the 9th over - 0 runs, 0 hits, 0 errors, 0 left on base; Chicago 5 - Minnesota 5 |
| TOP OF THE 10TH |
|
Chicago White Sox batting - Pitching for Minnesota Twins : RHP Mario Arce
|
|
Now in LF: Sadamu Noguchi
|
|
|
Now in CF: Väinö Tapaninen
|
|
|
Batting: RHB Joseph Disepolo
|
0-0: Fly out, F5 (Popup, 56S, EV 71.9 MPH)
|
|
Batting: LHB Jack Christie
|
0-0: Ground out 4-3 (Groundball, 4, EV 109.4 MPH)
|
|
Batting: RHB Hiroshige Yamada
|
0-0: Called Strike 0-1: Ball 1-1: Called Strike 1-2: Foul Ball, location: 2F 1-2: Strikes out looking
|
| Top of the 10th over - 0 runs, 0 hits, 0 errors, 0 left on base; Chicago 5 - Minnesota 5 |
| BOTTOM OF THE 10TH |
|
Minnesota Twins batting - Pitching for Chicago White Sox : LHP Ryan Daidone
|
|
Pitching: RHP Zach Ault
|
|
|
Batting: RHB Jared McClernon
|
0-0: Called Strike 0-1: Ball 1-1: Swinging Strike 1-2: Foul Ball, location: 2F 1-2: Ball 2-2: Foul Ball, location: 2F 2-2: Strikes out swinging
|
|
Batting: LHB Kevin Bellman
|
0-0: Ball 1-0: Foul Ball, location: 2F 1-1: Ball 2-1: Ball 3-1: Base on Balls
|
|
Batting: LHB Joel Kunkler
|
0-0: Called Strike 0-1: Ball 1-1: Ball 2-1: Ball 3-1: Called Strike Kevin Bellman is caught stealing 2nd base 2-6 3-2: SOLO HOME RUN (Flyball, 9D, EV 98.1 MPH), Distance : 388 ft
|
| Bottom of the 10th over - 1 run, 1 hit, 0 errors, 0 left on base; Chicago 5 - Minnesota 6 |
| |
|
Game Over ... Minnesota defeats Chicago, 6 to 5
|
|
|